 Dungeon Sprint DCSS version 0.21-a0-72-gbbb65ab (webtiles) character file.

9 Kidiri the Insei (level 2, -1/22 HPs)
             Began as a Demonspawn Transmuter on June 20, 2017.
             Was a Follower of Wu Jian.
             Slain by a big kobold
             ... wielding a +0 short sword
              (6 damage)
             ... in the Dungeon (Sprint VII: "The Pits").
             The game lasted 00:02:29 (316 turns).

Kidiri the Insei (Demonspawn Transmuter)             Turns: 316, Time: 00:02:30

Health: -1/22      AC:  2    Str: 10    XL:     2   Next: 3%
Magic:  3/5        EV: 13    Int: 14    God:    Wu Jian [*.....]
Gold:   0          SH:  0    Dex: 13    Spells: 5/6 levels left

rFire    . . .     SeeInvis .     - Unarmed
rCold    . . .     Gourm    .   (no shield)
rNeg     . . .     Faith    .   b - +0 robe
rPois    .         Spirit   .   (no helmet)
rElec    .         Reflect  .   (no cloak)
rCorr    .         Harm     .   (no gloves)
MR       .....     NoTele   +   (no boots)
Stlth    ++........             (no amulet)
HPRegen  0.07/turn              (no ring)
MPRegen  0.09/turn              (no ring)

@: berserk cooldown, slowed, very slow
A: talons 1
a: Renounce Religion


You were in the Dungeon.
You worshipped Wu Jian.
Wu Jian was aware of your devotion.
You were not hungry.

You visited 1 branch

Inventory:

Missiles
 a - 12 arrows
Armour
 b - a +0 robe (worn)
Scrolls
 j - a scroll of blinking
 l - 3 scrolls of remove curse
 m - 5 scrolls of amnesia
 n - a scroll of summoning
Potions
 e - a potion of curing
 g - a potion of haste
 h - 4 potions of magic
 i - 2 potions of berserk rage
 k - 2 potions of invisibility
Books
 c - a book of Changes

   Spells                             Type                      Level
   a - Beastly Appendage              Transmutation                1
   b - Sticks to Snakes               Transmutation                2
   c - Spider Form                    Transmutation/Poison         3
   d - Ice Form                       Ice/Transmutation            4
   e - Blade Hands                    Transmutation                5
Comestibles
 d - 8 bread rations
 o - 40 fruits
 p - 7 meat rations
 q - a chunk of flesh


   Skills:
 * Level 1.8 Fighting
 + Level 0.6 Armour
 * Level 2.4 Dodging
 + Level 1.0 Stealth
 * Level 2.9 Unarmed Combat
 * Level 2.5 Spellcasting
 * Level 2.2 Transmutations


You had 5 spell levels left.
You knew the following spells:

 Your Spells              Type           Power        Failure   Level  Hunger
a - Beastly Appendage     Tmut           #.....       9%          1    #......


Dungeon Overview and Level Annotations

Branches:
Dungeon (1/1)

Altars:
Ashenzari
Cheibriados
Dithmenos
Elyvilon
Fedhas
Gozag
Hepliaklqana
Kikubaaqudgha
Makhleb
Nemelex Xobeh
Okawaru
Qazlal
Ru
Sif Muna
Trog
Uskayaw
Vehumet
Wu Jian
Xom
Yredelemnul
Zin
The Shining One
Beogh
Jiyva
Lugonu


Innate Abilities, Weirdness & Mutations

You have sharp toenails.


Message History

The big kobold is almost dead.
The big kobold hits you with a short sword.
The big kobold hits you but does no damage.
Unknown command.
You hit the big kobold but do no damage.
The big kobold is almost dead.
Your horns disappear.
The big kobold hits you with a short sword.
Unknown command.
You spin and attack the big kobold.
You hit the big kobold.
You claw the big kobold, but do no damage.
The big kobold is almost dead.
The big kobold closely misses you.
The big kobold hits you with a short sword.
* * * LOW HITPOINT WARNING * * *
Unknown command.
You spin and attack the big kobold.
You closely miss the big kobold.
The big kobold is almost dead.
The big kobold hits you with a short sword.
You die...

#_________.#
#_______...###########++
##########+##...........
#.?(.+)))+.##......#..#.
##########.##...........
#...........'...........
#+#####'#####......#..#.
#....K# #...........
#..÷.@# ####+#####++
###†### #.......#
#.....# #.......#
#.....# #.......#
####'## #...<...#
#G.......##.......#
#Z.......##.......#
###########.......#
#########


You could see a big kobold.

Vanquished Creatures
  An adder zombie (D)
  3 ball pythons (D)
  2 bats (D)
6 creatures vanquished.

Notes
Turn   | Place    | Note
-------+----------+-------------------------------------------
     0 | D        | Kidiri the Demonspawn Transmuter began the quest for the Orb.
     0 | D        | Reached XP level 1. HP: 15/15 MP: 3/3
    50 | D        | Found a bloodstained altar of Trog.
    50 | D        | Found a deep blue altar of Sif Muna.
    50 | D        | Found a viscous altar of Jiyva.
    50 | D        | Found a hazy altar of Hepliaklqana.
    50 | D        | Found an opulent altar of Gozag.
    51 | D        | Found a glowing golden altar of the Shining One.
    51 | D        | Found a glowing silver altar of Zin.
    51 | D        | Found a basalt altar of Yredelemnul.
    51 | D        | Found a shimmering altar of Xom.
    51 | D        | Found an ornate altar of the Wu Jian Council.
    51 | D        | Found a sacrificial altar of Ru.
    51 | D        | Found a stormy altar of Qazlal.
    51 | D        | Found an iron altar of Okawaru.
    51 | D        | Found a sparkling altar of Nemelex Xobeh.
    51 | D        | Found a burning altar of Makhleb.
    51 | D        | Found a blossoming altar of Fedhas.
    51 | D        | Found a white marble altar of Elyvilon.
    51 | D        | Found a shadowy altar of Dithmenos.
    51 | D        | Found a snail-covered altar of Cheibriados.
    54 | D        | Found a radiant altar of Vehumet.
    54 | D        | Found a corrupted altar of Lugonu.
    54 | D        | Found a roughly hewn altar of Beogh.
    55 | D        | Found a hide-covered altar of Uskayaw.
    55 | D        | Found an ancient bone altar of Kikubaaqudgha.
    55 | D        | Found a shattered altar of Ashenzari.
    63 | D        | Became a worshipper of the Wu Jian Council
   228 | D        | Reached * piety under Wu Jian
   232 | D        | Reached skill level 1 in Stealth
   287 | D        | Noticed a floating eye
   287 | D        | Noticed a big kobold
   298 | D        | Gained mutation: You have sharp toenails. [demonic ancestry]
   298 | D        | Reached XP level 2. HP: 21/22 MP: 2/5
   305 | D        | HP: 1/33 [big kobold/short sword (7)]
   316 | D        | Slain by a big kobold

Vault maps used:
D:        pitsprint

Skill      XL: |  1 |
---------------+----+-----
Dodging        | 2 |  2.4
Transmutations | 2 |  2.2
Stealth        | 1 |  1.0
Fighting       | |  1.8
Armour         | |  0.6
Unarmed Combat | |  2.9
Spellcasting   | |  2.5

Action                   || total
-------------------------++-------
Melee: Unarmed           ||    37
       Kick              ||     8
       Headbutt          ||     2
 Cast: Beastly Appendage ||     5
  Use: Potion            ||     2
 Stab: Sleeping          ||     1
Armor: Robe              ||    10
Dodge: Dodged            ||    30
